Blues vs Coyotes

Created - 12 avril 2013 at 19:01

Goals
1 2 3 OT1 SO T
Blues 0 2 2 0 2 4
Coyotes 0 1 3 0 3 5
Shots
1 2 3 OT1 SO T
Blues 13 6 9 5 7 33
Coyotes 10 9 15 0 7 34

1st period

No Goal

Penalties :
Paul Kariya (STL) for Roughing (Minor) at 8:58, Lukas Krajicek (Pho) for Delaying the game (Minor) at 14:52, Mike Komisarek (STL) for Hooking (Minor) at 18:39

2nd period

1. Coyotes , Marian Gaborik 37 (Brian Pothier, Tim Connolly) at 1:04
2. Blues , Blake Wheeler 12 (David Perron, Dan Boyle) at 12:41
3. Blues , Travis Zajac 23 (Paul Kariya, Matthew Lombardi) at 13:57

Penalties :
Riley Cote (Pho) for Interference (Minor) at 6:36

3rd period

4. Coyotes , Brenden Morrow 19 (Marian Gaborik) at 10:31
5. Coyotes , Bill Guerin 20 (Frans Nielsen, Sergei Samsonov) at 13:29 (PP)
6. Coyotes , Tim Connolly 26 (Marian Gaborik, Tom Poti) at 15:31 (PP)
7. Blues , David Perron 1 (Matthew Lombardi, Blake Wheeler) at 15:55
8. Blues , Matthew Lombardi 13 (Blake Wheeler) at 18:24

Penalties :
François Beauchemin (STL) for Roughing (Minor) at 3:04, Tom Poti (Pho) for Tripping (Minor) at 10:40, Blake Wheeler (STL) for Holding Stick (Minor) at 12:54, Ryan Malone (STL) for Holding (Minor) at 14:56

Overtime #1

No Goal

Penalties :
No Penalty

Shootout

Penalty Shot by Paul Kariya for Blues - Stopped by Ryan Miller
Penalty Shot by Marian Gaborik for Coyotes - Stopped by Tim Thomas
Penalty Shot by Maxim Afinogenov for Blues - Goal!
Penalty Shot by Sergei Samsonov for Coyotes - Goal!
Penalty Shot by Nik Antropov for Blues - Goal!
Penalty Shot by Bill Guerin for Coyotes - Goal!
Penalty Shot by Jamie Langenbrunner for Blues - Stopped by Ryan Miller
Penalty Shot by Brenden Morrow for Coyotes - Stopped by Tim Thomas
Penalty Shot by Travis Zajac for Blues - Stopped by Ryan Miller
Penalty Shot by Frans Nielsen for Coyotes - Stopped by Tim Thomas
Penalty Shot by David Perron for Blues - Shot Misses the Net
Penalty Shot by Riley Cote for Coyotes - Shot Hit the Post
Penalty Shot by Ryan Malone for Blues - Stopped by Ryan Miller
Penalty Shot by Tim Connolly for Coyotes - Goal!

Penalties :
No Penalty

Goalie Stats

Tim Thomas (STL), 30 saves from 34 shots - (0,882), OTL, 19-14-1, 65:00 minutes
Ryan Miller (Pho), 29 saves from 33 shots - (0,879), W, 28-19-5, 65:00 minutes

Players Stats for Blues

Player Name              G  A  P  +/- PIM S  H  SB GA TA FO     MP     PP MP  PK MP  
------------------------------------------------------------------------------------
Blake Wheeler            1  2  3   3  2   1  2  0  0  0  1/2    13:31   0:19   0:00 
Brent Burns              0  0  0   0  0   0  0  1  0  0  0/0     3:55   0:00   0:42 
Dan Boyle                0  1  1   2  0   2  2  1  2  3  0/0    33:03   3:16   3:04 
David Perron             1  1  2   3  0   2  0  3  1  0  0/0    12:00   0:00   0:30 
Drew Fata                0  0  0   1  0   2  3  4  2  1  0/0    29:42   2:55   4:42 
Éric Belanger            0  0  0   0  0   0  1  0  0  0  3/4     9:52   0:00   0:52 
François Beauchemin      0  0  0   1  2   3  1  3  0  2  0/0    23:35   2:31   0:50 
Jamie Langenbrunner      0  0  0   0  0   3  5  1  1  0  0/1    22:45   2:57   1:44 
Matthew Lombardi         1  2  3   3  0   2  1  0  0  1  4/7    11:11   0:00   0:00 
Maxim Afinogenov         0  0  0  -1  0   3  0  0  0  0  1/2    22:11   3:00   4:46 
Mike Komisarek           0  0  0  -2  2   1  3  2  1  1  0/0    25:13   2:16   3:15 
Nik Antropov             0  0  0  -1  0   3  2  0  1  0  10/18  19:41   3:00   1:44 
Oleg Tverdovsky          0  0  0   2  0   1  0  1  1  0  0/0    13:03   0:37   1:41 
Paul Kariya              0  1  1   0  2   5  2  2  0  0  7/13   25:04   3:00   3:06 
Ryan Malone              0  0  0  -1  2   1  4  0  0  0  2/3    15:04   2:57   0:00 
Travis Zajac             1  0  1   0  0   2  2  1  0  0  10/20  18:08   2:57   0:00 
Vaclav Varada            0  0  0   0  0   1  3  1  0  0  1/2     8:25   0:00   1:32 
Ville Peltonen           0  0  0   0  0   1  1  0  0  0  0/0     6:25   0:00   0:00 

Players Stats for Coyotes

Player Name              G  A  P  +/- PIM S  H  SB GA TA FO     MP     PP MP  PK MP  
------------------------------------------------------------------------------------
Bill Guerin              1  0  1   0  0   3  1  0  0  0  1/1    15:42   2:39   0:00 
Brenden Morrow           1  0  1  -1  0   1  1  1  0  0  0/2    22:37   4:19   1:07 
Brian Pothier            0  1  1   0  0   1  1  0  1  0  0/0    23:25   3:26   2:11 
Chad Larose              0  0  0  -1  0   4  0  1  0  0  2/4    15:47   0:09   3:13 
Craig Adams              0  0  0   0  0   1  1  0  0  1  0/0     9:51   0:00   1:56 
Denis Grebeshkov         0  0  0  -1  0   1  2  2  0  2  0/0    28:14   3:41   1:07 
Drew Miller              0  0  0  -1  0   2  3  1  1  0  1/2    14:57   0:00   3:14 
Frans Nielsen            0  1  1   0  0   6  2  0  1  1  5/15   19:12   2:39   2:24 
Jiri Fischer             0  0  0  -1  0   1  0  0  0  1  0/0    13:14   0:00   2:15 
Kurt Sauer               0  0  0  -1  0   0  2  2  1  0  0/0    20:44   0:00   3:42 
Lukas Krajicek           0  0  0   0  2   1  1  0  0  0  0/0    14:16   3:26   0:00 
Marian Gaborik           1  2  3  -1  0   2  1  0  2  2  2/4    21:56   4:28   0:00 
Maxim Lapierre           0  0  0  -1  0   1  0  0  0  0  6/11   10:28   0:00   0:00 
Riley Cote               0  0  0   0  2   1  0  0  1  0  0/0     8:14   0:00   0:00 
Sergei Samsonov          0  1  1   0  0   4  0  0  0  0  0/0    15:42   2:39   0:00 
Tim Connolly             1  1  2  -1  0   1  1  0  1  0  14/29  21:56   4:28   0:00 
Todd Marchant            0  0  0   0  0   1  0  0  0  0  2/4     7:34   0:00   0:00 
Tom Poti                 0  1  1  -1  2   3  6  0  0  2  0/0    30:11   3:41   2:39 

3 Stars

1 - Matthew Lombardi (STL)
2 - Blake Wheeler (STL)
3 - David Perron (STL)

Power Play

Blues - 0 on 3 Attempt(s) - 0,00%
Coyotes - 2 on 5 Attempt(s) - 40,00%

Penalty Kill

Blues - 3 on 5 Attempt(s) - 60,00% - Score 0 goal in Penalty Kill
Coyotes - 3 on 3 Attempt(s) - 100,00% - Score 0 goal in Penalty Kill

Official

Referees : Martell Rob and Morton Dean
Linesman : Bryan Pancich and Derek Amell

Game Notes

Brent Burns is injured at 10:03 of 1st period (Sprained Left Ankle)

Finance

Level 1 -- Attendance: 4729 (78,82%) -- Ticket Income 449 255 $
Level 2 -- Attendance: 3663 (73,26%) -- Ticket Income 208 791 $
Level 3 -- Attendance: 1700 (85,00%) -- Ticket Income 54 400 $
Level 4 -- Attendance: 3725 (93,13%) -- Ticket Income 67 050 $
Luxury Box -- Attendance: 749 (74,90%) -- Ticket Income 142 310 $
Game was played at the The Pack Center
Total Attendance: 14566 (80,92%)
Total Ticket Income: 921 806 $
Total Income: 921 806 $

Blues

5 vs 5 Forward 
   Center                   Left Wing                Right Wing               Time % Phy DF OF 
 1 Travis Zajac             Paul Kariya              Jamie Langenbrunner      40     1   2  2  
 2 Nik Antropov             Ryan Malone              Maxim Afinogenov         30     1   2  2  
 3 Matthew Lombardi         David Perron             Blake Wheeler            20     1   2  2  
 4 Éric Belanger            Ville Peltonen           Vaclav Varada            10     1   2  2  

5 vs 5 Defense 
   Defense                  Defense                                           Time % Phy DF OF 
 1 Dan Boyle                François Beauchemin                               40     1   2  2  
 2 Mike Komisarek           Brent Burns                                       30     1   2  2  
 3 Oleg Tverdovsky          Drew Fata                                         20     1   2  2  
 4 Brent Burns              Dan Boyle                                         10     1   2  2  

PowerPlay Forward 
   Center                   Left Wing                Right Wing               Time % Phy DF OF 
 1 Nik Antropov             Paul Kariya              Maxim Afinogenov         60     1   2  2  
 2 Travis Zajac             Ryan Malone              Jamie Langenbrunner      40     1   2  2  

PowerPlay Defense
   Defense                  Defense                                           Time % Phy DF OF 
 1 Dan Boyle                Brent Burns                                       60     1   2  2  
 2 Mike Komisarek           François Beauchemin                               40     1   2  2  

Penalty Kill 4 Players Forward 
   Center                   Wing                     Time % Phy DF OF 
 1 Paul Kariya              Maxim Afinogenov         60     1   2  2  
 2 Nik Antropov             Jamie Langenbrunner      40     1   2  2  

Penalty Kill 4 Players Defense
   Defense                  Defense                  Time % Phy DF OF 
 1 Brent Burns              Mike Komisarek           60     1   2  2  
 2 François Beauchemin      Drew Fata                40     1   2  2  

Penalty Kill - 3 Players Forward 
   Forward                                           Time % Phy DF OF 
 1 Paul Kariya                                       60     1   2  2  
 2 Maxim Afinogenov                                  40     1   2  2  

Penalty Kill - 3 Players Defense
   Defense                  Defense                  Time % Phy DF OF 
 1 Drew Fata                Mike Komisarek           60     1   2  2  
 2 Brent Burns              François Beauchemin      40     1   2  2  

4 vs 4 Forward 
   Center                   Wing                     Time % Phy DF OF 
 1 Paul Kariya              Maxim Afinogenov         60     1   2  2  
 2 Nik Antropov             Jamie Langenbrunner      40     1   2  2  

4 vs 4 Defense
   Defense                  Defense                  Time % Phy DF OF 
 1 Dan Boyle                Mike Komisarek           60     1   2  2  
 2 Brent Burns              François Beauchemin      40     1   2  2  

Last Minutes Offensive
   Center                   Left Wing                Right Wing               Defense                  Defense                  
   Travis Zajac             Paul Kariya              Maxim Afinogenov         Dan Boyle                Brent Burns              

Last Minutes Defensive
   Center                   Left Wing                Right Wing               Defense                  Defense                  
   Nik Antropov             Paul Kariya              Maxim Afinogenov         François Beauchemin      Mike Komisarek           

Goaltenders
Starting : Tim Thomas               
Backup : Tuukka Rask              

Extra Forwards
Normal : Éric Belanger, Blake Wheeler, Vaclav Varada - PP : Éric Belanger, Blake Wheeler - PK : Vaclav Varada
Extra Defensemen
Normal : Brent Burns, Drew Fata, Dan Boyle - PP : Brent Burns - PK : Drew Fata, Dan Boyle
Penalty Shots
Paul Kariya, Maxim Afinogenov, Nik Antropov, Jamie Langenbrunner, Travis Zajac

Coyotes

5 vs 5 Forward 
   Center                   Left Wing                Right Wing               Time % Phy DF OF 
 1 Tim Connolly             Brenden Morrow           Marian Gaborik           40     1   2  2  
 2 Frans Nielsen            Sergei Samsonov          Bill Guerin              30     1   2  2  
 3 Maxim Lapierre           Drew Miller              Chad Larose              20     1   2  2  
 4 Todd Marchant            Riley Cote               Craig Adams              10     1   2  2  

5 vs 5 Defense 
   Defense                  Defense                                           Time % Phy DF OF 
 1 Tom Poti                 Denis Grebeshkov                                  40     1   2  2  
 2 Brian Pothier            Kurt Sauer                                        35     1   2  2  
 3 Lukas Krajicek           Jiri Fischer                                      20     1   2  2  
 4 Tom Poti                 Denis Grebeshkov                                  5      1   2  2  

PowerPlay Forward 
   Center                   Left Wing                Right Wing               Time % Phy DF OF 
 1 Tim Connolly             Brenden Morrow           Marian Gaborik           60     1   2  2  
 2 Frans Nielsen            Sergei Samsonov          Bill Guerin              40     1   2  2  

PowerPlay Defense
   Defense                  Defense                                           Time % Phy DF OF 
 1 Tom Poti                 Denis Grebeshkov                                  60     1   2  2  
 2 Brian Pothier            Lukas Krajicek                                    40     1   2  2  

Penalty Kill 4 Players Forward 
   Center                   Wing                     Time % Phy DF OF 
 1 Chad Larose              Drew Miller              60     1   2  2  
 2 Frans Nielsen            Craig Adams              40     1   2  2  

Penalty Kill 4 Players Defense
   Defense                  Defense                  Time % Phy DF OF 
 1 Tom Poti                 Kurt Sauer               60     1   2  2  
 2 Brian Pothier            Jiri Fischer             40     1   2  2  

Penalty Kill - 3 Players Forward 
   Forward                                           Time % Phy DF OF 
 1 Chad Larose                                       60     1   2  2  
 2 Drew Miller                                       40     1   2  2  

Penalty Kill - 3 Players Defense
   Defense                  Defense                  Time % Phy DF OF 
 1 Tom Poti                 Kurt Sauer               60     1   2  2  
 2 Brian Pothier            Jiri Fischer             40     1   2  2  

4 vs 4 Forward 
   Center                   Wing                     Time % Phy DF OF 
 1 Tim Connolly             Marian Gaborik           60     1   2  2  
 2 Frans Nielsen            Brenden Morrow           40     1   2  2  

4 vs 4 Defense
   Defense                  Defense                  Time % Phy DF OF 
 1 Tom Poti                 Denis Grebeshkov         60     1   2  2  
 2 Brian Pothier            Kurt Sauer               40     1   2  2  

Last Minutes Offensive
   Center                   Left Wing                Right Wing               Defense                  Defense                  
   Tim Connolly             Brenden Morrow           Marian Gaborik           Tom Poti                 Denis Grebeshkov         

Last Minutes Defensive
   Center                   Left Wing                Right Wing               Defense                  Defense                  
   Tim Connolly             Brenden Morrow           Marian Gaborik           Tom Poti                 Kurt Sauer               

Goaltenders
Starting : Ryan Miller              
Backup : Peter Budaj              

Extra Forwards
Normal : Chad Larose, Drew Miller, Craig Adams - PP : Chad Larose, Drew Miller - PK : Craig Adams
Extra Defensemen
Normal : Lukas Krajicek, Jiri Fischer, Denis Grebeshkov - PP : Lukas Krajicek - PK : Denis Grebeshkov, Jiri Fischer
Penalty Shots
Marian Gaborik, Sergei Samsonov, Bill Guerin, Brenden Morrow, Frans Nielsen

% Time on Ice - Blues

Lines # - Real PCT - Wanted PCT - Time Play
Normal Forward
1 - 32% - 40% - 15:09
2 - 30% - 30% - 14:11
3 - 24% - 20% - 11:11
4 - 14% - 10% - 6:25
Normal Defense
1 - 35% - 40% - 16:24
2 - 38% - 30% - 17:43
3 - 19% - 20% - 8:51
4 - 8% - 10% - 3:58
PP Forward
1 - 50% - 60% - 3:00
2 - 50% - 40% - 2:57
PP Defense
1 - 62% - 60% - 3:41
2 - 38% - 40% - 2:16
PK Forward
1 - 76% - 60% - 5:23
2 - 24% - 40% - 1:44
PK Defense
1 - 85% - 60% - 6:01
2 - 15% - 40% - 1:06
PK3 Forward
1 - 0% - 60%
2 - 0% - 40%
PK3 Defense
1 - 0% - 60%
2 - 0% - 40%
44 Forward
1 - 80% - 60% - 3:59
2 - 20% - 40% - 1:01
44 Defense
1 - 47% - 60% - 2:22
2 - 53% - 40% - 2:38
Last Minute Offensive  - 0:00
Last Minute Defensive  - 0:00
Total
Forward - 65:00
Defense - 65:00

% Time on Ice - Coyotes

Lines # - Real PCT - Wanted PCT - Time Play
Normal Forward
1 - 34% - 40% - 15:51
2 - 28% - 30% - 13:03
3 - 22% - 20% - 10:28
4 - 16% - 10% - 7:34
Normal Defense
1 - 42% - 40% - 19:39
2 - 35% - 35% - 16:30
3 - 20% - 20% - 9:31
4 - 3% - 5% - 1:16
PP Forward
1 - 63% - 60% - 4:28
2 - 37% - 40% - 2:39
PP Defense
1 - 52% - 60% - 3:41
2 - 48% - 40% - 3:26
PK Forward
1 - 76% - 60% - 4:30
2 - 24% - 40% - 1:27
PK Defense
1 - 72% - 60% - 4:16
2 - 28% - 40% - 1:41
PK3 Forward
1 - 0% - 60%
2 - 0% - 40%
PK3 Defense
1 - 0% - 60%
2 - 0% - 40%
44 Forward
1 - 79% - 60% - 3:56
2 - 21% - 40% - 1:04
44 Defense
1 - 59% - 60% - 2:57
2 - 41% - 40% - 2:03
Last Minute Offensive  - 0:00
Last Minute Defensive  - 0:00
Total
Forward - 65:00
Defense - 65:00

Play by Play

1st period


0:01 of 1st period - Travis Zajac wins face-off versus Tim Connolly in neutral zone.
0:04 of 1st period - Slapshot by Paul Kariya.
0:04 of 1st period - Shot Misses the Net.
0:06 of 1st period - Snap shot by Paul Kariya.
0:06 of 1st period - Stopped by Ryan Miller without a rebound.
0:07 of 1st period - Tim Connolly wins face-off versus Paul Kariya in Coyotes zone.
0:14 of 1st period - Jamie Langenbrunner is hit by Brenden Morrow.
0:28 of 1st period - Tom Poti is hit by Dan Boyle and loses puck.
1:03 of 1st period - Wrist shot by Marian Gaborik.
1:03 of 1st period - Shot Misses the Net.
2:34 of 1st period - Tim Connolly is hit by Dan Boyle and loses puck.
2:39 of 1st period - Slapshot by Paul Kariya.
2:39 of 1st period - Shot Blocked by Denis Grebeshkov.
2:49 of 1st period - Snap shot by Paul Kariya.
2:49 of 1st period - Stopped by Ryan Miller without a rebound.
2:50 of 1st period - Nik Antropov wins face-off versus Frans Nielsen in Coyotes zone.
3:05 of 1st period - Wrist shot by Nik Antropov.
3:05 of 1st period - Stopped by Ryan Miller with a rebound.
3:17 of 1st period - Mike Komisarek is hit by Drew Miller and loses puck.
4:06 of 1st period - Icing by Drew Fata.
4:07 of 1st period - Nik Antropov wins face-off versus Maxim Lapierre in Blues zone.
4:12 of 1st period - Wrist shot by Drew Miller.
4:12 of 1st period - Deflect By Maxim Lapierre.
4:12 of 1st period - Stopped by Tim Thomas with a rebound.
4:14 of 1st period - Slapshot by Jiri Fischer.
4:14 of 1st period - Shot Blocked by David Perron.
4:16 of 1st period - Snap shot by Chad Larose.
4:16 of 1st period - Shot Blocked by David Perron.
4:18 of 1st period - Snap shot by Jiri Fischer.
4:18 of 1st period - Deflect By Drew Fata.
4:18 of 1st period - Stopped by Tim Thomas without a rebound.
4:19 of 1st period - Ryan Malone wins face-off versus Frans Nielsen in Blues zone.
4:28 of 1st period - Snap shot by Nik Antropov.
4:28 of 1st period - Stopped by Ryan Miller without a rebound.
4:29 of 1st period - Frans Nielsen wins face-off versus Nik Antropov in Coyotes zone.
5:06 of 1st period - Snap shot by Sergei Samsonov.
5:06 of 1st period - Shot Misses the Net.
5:11 of 1st period - Off-side.
5:12 of 1st period - Matthew Lombardi wins face-off versus Maxim Lapierre in neutral zone.
5:37 of 1st period - Kurt Sauer is hit by Drew Fata and loses puck.
6:13 of 1st period - Dan Boyle is hit by Craig Adams and loses puck.
7:33 of 1st period - Slapshot by Dan Boyle.
7:33 of 1st period - Stopped by Ryan Miller with a rebound.
7:56 of 1st period - Snap shot by Paul Kariya.
7:56 of 1st period - Stopped by Ryan Miller without a rebound.
7:57 of 1st period - Nik Antropov wins face-off versus Todd Marchant in Coyotes zone.
8:00 of 1st period - Wrist shot by Nik Antropov.
8:00 of 1st period - Deflect By Maxim Afinogenov.
8:00 of 1st period - Stopped by Ryan Miller without a rebound.
8:01 of 1st period - Nik Antropov wins face-off versus Todd Marchant in Coyotes zone.
8:06 of 1st period - Snap shot by Maxim Afinogenov.
8:06 of 1st period - Stopped by Ryan Miller without a rebound.
8:07 of 1st period - Nik Antropov wins face-off versus Frans Nielsen in Coyotes zone.
8:16 of 1st period - Snap shot by Sergei Samsonov.
8:16 of 1st period - Stopped by Tim Thomas without a rebound.
8:17 of 1st period - Matthew Lombardi wins face-off versus Frans Nielsen in Blues zone.
8:42 of 1st period - Denis Grebeshkov is hit by Nik Antropov and loses puck.
8:58 of 1st period - Minor Penalty to Paul Kariya for Roughing.
8:59 of 1st period - Tim Connolly wins face-off versus Maxim Afinogenov in Blues zone.
9:21 of 1st period - Marian Gaborik is hit by Vaclav Varada and loses puck.
9:37 of 1st period - Drew Fata is hit by Lukas Krajicek.
9:53 of 1st period - Slapshot by Sergei Samsonov.
9:53 of 1st period - Stopped by Tim Thomas without a rebound.
9:54 of 1st period - Vaclav Varada wins face-off versus Frans Nielsen in Blues zone.
10:03 of 1st period - Snap shot by Bill Guerin.
10:03 of 1st period - Shot Blocked by Brent Burns.
10:03 of 1st period - Brent Burns from Blues is injured at 10:03 of 1st period (Sprained Left Ankle).
10:04 of 1st period - Tim Connolly wins face-off versus Vaclav Varada in Blues zone.
10:29 of 1st period - Mike Komisarek is hit by Denis Grebeshkov and loses puck.
10:58 of 1st period - Penalty to Paul Kariya is over, Paul Kariya is back on ice.
11:12 of 1st period - Wrist shot by Craig Adams.
11:12 of 1st period - Shot Misses the Net.
11:28 of 1st period - Snap shot by Nik Antropov.
11:28 of 1st period - Stopped by Ryan Miller with a rebound.
12:43 of 1st period - Snap shot by Paul Kariya.
12:43 of 1st period - Stopped by Ryan Miller without a rebound.
12:44 of 1st period - Tim Connolly wins face-off versus Matthew Lombardi in Coyotes zone.
14:03 of 1st period - Snap shot by Frans Nielsen.
14:03 of 1st period - Deflect By Éric Belanger.
14:03 of 1st period - Stopped by Tim Thomas without a rebound.
14:04 of 1st period - Bill Guerin wins face-off versus Éric Belanger in Blues zone.
14:07 of 1st period - Wrist shot by Sergei Samsonov.
14:07 of 1st period - Stopped by Tim Thomas with a rebound.
14:09 of 1st period - Wrist shot by Frans Nielsen.
14:09 of 1st period - Stopped by Tim Thomas with a rebound.
14:11 of 1st period - Wrist shot by Frans Nielsen.
14:11 of 1st period - Stopped by Tim Thomas with a rebound.
14:15 of 1st period - Snap shot by Sergei Samsonov.
14:15 of 1st period - Shot Blocked by Mike Komisarek.
14:17 of 1st period - Snap shot by Bill Guerin.
14:17 of 1st period - Shot Blocked by Vaclav Varada.
14:19 of 1st period - Wrist shot by Frans Nielsen.
14:19 of 1st period - Shot Misses the Net.
14:31 of 1st period - Wrist shot by Chad Larose.
14:31 of 1st period - Stopped by Tim Thomas without a rebound.
14:32 of 1st period - Matthew Lombardi wins face-off versus Maxim Lapierre in Blues zone.
14:39 of 1st period - Slapshot by David Perron.
14:39 of 1st period - Shot Blocked by Chad Larose.
14:52 of 1st period - Minor Penalty to Lukas Krajicek for Delaying the game.
14:53 of 1st period - Drew Miller wins face-off versus Nik Antropov in Coyotes zone.
15:24 of 1st period - Snap shot by Jamie Langenbrunner.
15:24 of 1st period - Stopped by Ryan Miller with a rebound.
15:28 of 1st period - Slapshot by Travis Zajac.
15:28 of 1st period - Stopped by Ryan Miller without a rebound.
15:29 of 1st period - Chad Larose wins face-off versus Travis Zajac in Coyotes zone.
15:48 of 1st period - Snap shot by Frans Nielsen.
15:48 of 1st period - Stopped by Tim Thomas with a rebound.
15:54 of 1st period - François Beauchemin is hit by Frans Nielsen and loses puck.
16:03 of 1st period - Wrist shot by Travis Zajac.
16:03 of 1st period - Deflect By Ryan Malone.
16:03 of 1st period - Stopped by Ryan Miller without a rebound.
16:04 of 1st period - Nik Antropov wins face-off versus Drew Miller in Coyotes zone.
16:19 of 1st period - Wrist shot by Paul Kariya.
16:19 of 1st period - Shot Misses the Net.
16:52 of 1st period - Penalty to Lukas Krajicek is over, Lukas Krajicek is back on ice.
17:27 of 1st period - Off-side.
17:28 of 1st period - Tim Connolly wins face-off versus Travis Zajac in neutral zone.
17:53 of 1st period - Drew Fata is hit by Drew Miller and loses puck.
18:39 of 1st period - Minor Penalty to Mike Komisarek for Hooking.
18:40 of 1st period - Paul Kariya wins face-off versus Marian Gaborik in Blues zone.
18:47 of 1st period - Icing by Brian Pothier.
18:48 of 1st period - Paul Kariya wins face-off versus Tim Connolly in Coyotes zone.
19:51 of 1st period - Paul Kariya is hit by Tom Poti.

2nd period


0:01 of 2nd period - Paul Kariya wins face-off versus Tim Connolly in neutral zone.
0:14 of 2nd period - Snap shot by Maxim Afinogenov.
0:14 of 2nd period - Shot Misses the Net.
0:35 of 2nd period - Off-side.
0:36 of 2nd period - Nik Antropov wins face-off versus Tim Connolly in neutral zone.
0:39 of 2nd period - Penalty to Mike Komisarek is over, Mike Komisarek is back on ice.
0:44 of 2nd period - Off-side.
0:45 of 2nd period - Travis Zajac wins face-off versus Tim Connolly in neutral zone.
0:58 of 2nd period - Wrist shot by Marian Gaborik.
0:58 of 2nd period - Shot Blocked by Jamie Langenbrunner.
1:00 of 2nd period - Slapshot by Brian Pothier.
1:00 of 2nd period - Shot Blocked by Drew Fata.
1:02 of 2nd period - Slapshot by Brian Pothier.
1:02 of 2nd period - Shot Blocked by Drew Fata.
1:04 of 2nd period - Slapshot by Brian Pothier.
1:04 of 2nd period - Deflect By Marian Gaborik.
1:04 of 2nd period - Goal by Marian Gaborik - Blues : 0 - Coyotes : 1.
1:05 of 2nd period - Travis Zajac wins face-off versus Tim Connolly in neutral zone.
1:20 of 2nd period - Snap shot by Jamie Langenbrunner.
1:20 of 2nd period - Shot Misses the Net.
1:56 of 2nd period - Wrist shot by Matthew Lombardi.
1:56 of 2nd period - Deflect By Blake Wheeler.
1:56 of 2nd period - Shot Misses the Net.
1:56 of 2nd period - Puck is out of play.
1:57 of 2nd period - Marian Gaborik wins face-off versus Travis Zajac in Coyotes zone.
2:44 of 2nd period - Icing by Mike Komisarek.
2:45 of 2nd period - Maxim Lapierre wins face-off versus Nik Antropov in Blues zone.
2:46 of 2nd period - Snap shot by Drew Miller.
2:46 of 2nd period - Stopped by Tim Thomas without a rebound.
2:47 of 2nd period - Nik Antropov wins face-off versus Maxim Lapierre in Blues zone.
3:14 of 2nd period - Slapshot by Frans Nielsen.
3:14 of 2nd period - Stopped by Tim Thomas without a rebound.
3:15 of 2nd period - Frans Nielsen wins face-off versus Paul Kariya in Blues zone.
3:15 of 2nd period - Tom Poti is hit by Jamie Langenbrunner and loses puck.
3:18 of 2nd period - Slapshot by Denis Grebeshkov.
3:18 of 2nd period - Shot Blocked by Paul Kariya.
3:40 of 2nd period - Brenden Morrow is hit by François Beauchemin and loses puck.
4:15 of 2nd period - Dan Boyle is hit by Kurt Sauer and loses puck.
4:28 of 2nd period - Bill Guerin is hit by Travis Zajac and loses puck.
5:33 of 2nd period - Wrist shot by Paul Kariya.
5:33 of 2nd period - Shot Misses the Net.
5:45 of 2nd period - Slapshot by Lukas Krajicek.
5:45 of 2nd period - Shot Blocked by Mike Komisarek.
6:26 of 2nd period - Craig Adams is hit by Blake Wheeler and loses puck.
6:36 of 2nd period - Minor Penalty to Riley Cote for Interference.
6:37 of 2nd period - Chad Larose wins face-off versus Nik Antropov in Coyotes zone.
8:36 of 2nd period - Penalty to Riley Cote is over, Riley Cote is back on ice.
8:39 of 2nd period - Icing by Brenden Morrow.
8:40 of 2nd period - Éric Belanger wins face-off versus Chad Larose in Coyotes zone.
8:47 of 2nd period - Slapshot by Vaclav Varada.
8:47 of 2nd period - Shot Misses the Net.
9:05 of 2nd period - Chad Larose is hit by Mike Komisarek and loses puck.
9:14 of 2nd period - Slapshot by Jiri Fischer.
9:14 of 2nd period - Shot Blocked by Drew Fata.
9:16 of 2nd period - Snap shot by Riley Cote.
9:16 of 2nd period - Deflect By Mike Komisarek.
9:16 of 2nd period - Stopped by Tim Thomas without a rebound.
9:17 of 2nd period - Frans Nielsen wins face-off versus Travis Zajac in Blues zone.
9:43 of 2nd period - Riley Cote is hit by Ryan Malone and loses puck.
11:02 of 2nd period - Maxim Lapierre is hit by Vaclav Varada and loses puck.
11:31 of 2nd period - Brenden Morrow is hit by Jamie Langenbrunner and loses puck.
11:46 of 2nd period - Wrist shot by Riley Cote.
11:46 of 2nd period - Shot Misses the Net.
11:48 of 2nd period - Snap shot by Craig Adams.
11:48 of 2nd period - Stopped by Tim Thomas without a rebound.
11:49 of 2nd period - Todd Marchant wins face-off versus Nik Antropov in Blues zone.
12:35 of 2nd period - Wrist shot by David Perron.
12:35 of 2nd period - Shot Blocked by Denis Grebeshkov.
12:37 of 2nd period - Slapshot by Dan Boyle.
12:37 of 2nd period - Shot Blocked by Brenden Morrow.
12:39 of 2nd period - Wrist shot by David Perron.
12:39 of 2nd period - Stopped by Ryan Miller with a rebound.
12:41 of 2nd period - Wrist shot by Blake Wheeler.
12:41 of 2nd period - Goal by Blake Wheeler - Blues : 1 - Coyotes : 1.
12:42 of 2nd period - Tim Connolly wins face-off versus Paul Kariya in neutral zone.
13:07 of 2nd period - Tom Poti is hit by Ryan Malone and loses puck.
13:51 of 2nd period - Snap shot by Matthew Lombardi.
13:51 of 2nd period - Stopped by Ryan Miller with a rebound.
13:57 of 2nd period - Slapshot by Travis Zajac.
13:57 of 2nd period - Goal by Travis Zajac - Blues : 2 - Coyotes : 1.
13:58 of 2nd period - Tim Connolly wins face-off versus Travis Zajac in neutral zone.
14:13 of 2nd period - Snap shot by Paul Kariya.
14:13 of 2nd period - Deflect By Jamie Langenbrunner.
14:13 of 2nd period - Stopped by Ryan Miller with a rebound.
14:45 of 2nd period - Slapshot by Chad Larose.
14:45 of 2nd period - Stopped by Tim Thomas with a rebound.
14:47 of 2nd period - Slapshot by Brian Pothier.
14:47 of 2nd period - Stopped by Tim Thomas with a rebound.
14:55 of 2nd period - Maxim Lapierre is hit by Drew Fata and loses puck.
15:10 of 2nd period - Tim Connolly is hit by Paul Kariya and loses puck.
15:34 of 2nd period - Slapshot by Lukas Krajicek.
15:34 of 2nd period - Stopped by Tim Thomas without a rebound.
15:35 of 2nd period - Travis Zajac wins face-off versus Tim Connolly in Blues zone.
15:42 of 2nd period - Denis Grebeshkov is hit by Travis Zajac and loses puck.
15:55 of 2nd period - Tim Connolly is hit by Jamie Langenbrunner and loses puck.
16:25 of 2nd period - Icing by Nik Antropov.
16:26 of 2nd period - Maxim Lapierre wins face-off versus Nik Antropov in Blues zone.
16:29 of 2nd period - Slapshot by Maxim Lapierre.
16:29 of 2nd period - Shot Misses the Net.
17:03 of 2nd period - Snap shot by Paul Kariya.
17:03 of 2nd period - Shot Misses the Net.
17:42 of 2nd period - Wrist shot by Riley Cote.
17:42 of 2nd period - Deflect By Todd Marchant.
17:42 of 2nd period - Shot Misses the Net.
17:42 of 2nd period - Puck is out of play.
17:43 of 2nd period - Todd Marchant wins face-off versus Travis Zajac in Blues zone.
17:54 of 2nd period - Slapshot by Denis Grebeshkov.
17:54 of 2nd period - Deflect By Todd Marchant.
17:54 of 2nd period - Stopped by Tim Thomas with a rebound.
17:56 of 2nd period - Wrist shot by Todd Marchant.
17:56 of 2nd period - Shot Misses the Net.
17:58 of 2nd period - Wrist shot by Riley Cote.
17:58 of 2nd period - Shot Blocked by Travis Zajac.
18:00 of 2nd period - Snap shot by Denis Grebeshkov.
18:00 of 2nd period - Shot Blocked by Paul Kariya.
18:02 of 2nd period - Slapshot by Craig Adams.
18:02 of 2nd period - Shot Blocked by François Beauchemin.
18:04 of 2nd period - Snap shot by Todd Marchant.
18:04 of 2nd period - Deflect By François Beauchemin.
18:04 of 2nd period - Shot Misses the Net.
18:04 of 2nd period - Puck is out of play.
18:05 of 2nd period - Nik Antropov wins face-off versus Tim Connolly in Blues zone.
19:02 of 2nd period - Off-side.
19:03 of 2nd period - Tim Connolly wins face-off versus Ryan Malone in neutral zone.
19:06 of 2nd period - Mike Komisarek is hit by Marian Gaborik and loses puck.
19:19 of 2nd period - Slapshot by Brenden Morrow.
19:19 of 2nd period - Deflect By Marian Gaborik.
19:19 of 2nd period - Shot Misses the Net.
19:19 of 2nd period - Puck is out of play.
19:20 of 2nd period - Travis Zajac wins face-off versus Frans Nielsen in Blues zone.
19:31 of 2nd period - Slapshot by François Beauchemin.
19:31 of 2nd period - Stopped by Ryan Miller without a rebound.
19:32 of 2nd period - Marian Gaborik wins face-off versus Travis Zajac in Coyotes zone.

3rd period


0:01 of 3rd period - Travis Zajac wins face-off versus Tim Connolly in neutral zone.
0:12 of 3rd period - Dan Boyle is hit by Tim Connolly and loses puck.
0:38 of 3rd period - Wrist shot by Maxim Afinogenov.
0:38 of 3rd period - Stopped by Ryan Miller without a rebound.
0:39 of 3rd period - Travis Zajac wins face-off versus Tim Connolly in Coyotes zone.
1:06 of 3rd period - Kurt Sauer is hit by Matthew Lombardi.
1:14 of 3rd period - Snap shot by Matthew Lombardi.
1:14 of 3rd period - Shot Hit the Post.
1:16 of 3rd period - Backhand shot by Matthew Lombardi.
1:16 of 3rd period - Shot Misses the Net.
1:30 of 3rd period - Chad Larose is hit by Ryan Malone and loses puck.
2:36 of 3rd period - Slapshot by David Perron.
2:36 of 3rd period - Shot Misses the Net.
3:04 of 3rd period - Minor Penalty to François Beauchemin for Roughing.
3:05 of 3rd period - Paul Kariya wins face-off versus Tim Connolly in Blues zone.
3:20 of 3rd period - Snap shot by Marian Gaborik.
3:20 of 3rd period - Shot Misses the Net.
4:36 of 3rd period - Tim Connolly is hit by Drew Fata and loses puck.
5:04 of 3rd period - Penalty to François Beauchemin is over, François Beauchemin is back on ice.
6:03 of 3rd period - Bill Guerin is hit by Jamie Langenbrunner and loses puck.
6:18 of 3rd period - Maxim Lapierre is hit by Ryan Malone and loses puck.
7:11 of 3rd period - Travis Zajac is hit by Tom Poti and loses puck.
7:35 of 3rd period - Off-side.
7:36 of 3rd period - Éric Belanger wins face-off versus Frans Nielsen in neutral zone.
7:39 of 3rd period - Snap shot by Ville Peltonen.
7:39 of 3rd period - Stopped by Ryan Miller without a rebound.
7:40 of 3rd period - Éric Belanger wins face-off versus Frans Nielsen in Coyotes zone.
7:43 of 3rd period - Slapshot by François Beauchemin.
7:43 of 3rd period - Stopped by Ryan Miller with a rebound.
7:56 of 3rd period - Slapshot by Tom Poti.
7:56 of 3rd period - Stopped by Tim Thomas without a rebound.
7:57 of 3rd period - Paul Kariya wins face-off versus Tim Connolly in Blues zone.
8:31 of 3rd period - Snap shot by Brenden Morrow.
8:31 of 3rd period - Shot Blocked by Oleg Tverdovsky.
8:45 of 3rd period - Dan Boyle is hit by Frans Nielsen and loses puck.
9:43 of 3rd period - Riley Cote is hit by Mike Komisarek.
9:52 of 3rd period - Snap shot by Oleg Tverdovsky.
9:52 of 3rd period - Stopped by Ryan Miller without a rebound.
9:53 of 3rd period - Travis Zajac wins face-off versus Frans Nielsen in Coyotes zone.
10:31 of 3rd period - Slapshot by Brenden Morrow.
10:31 of 3rd period - Goal by Brenden Morrow - Blues : 2 - Coyotes : 2.
10:32 of 3rd period - Travis Zajac wins face-off versus Tim Connolly in neutral zone.
10:35 of 3rd period - Snap shot by Dan Boyle.
10:35 of 3rd period - Shot Misses the Net.
10:40 of 3rd period - Minor Penalty to Tom Poti for Tripping.
10:41 of 3rd period - Nik Antropov wins face-off versus Chad Larose in Coyotes zone.
10:44 of 3rd period - Wrist shot by Maxim Afinogenov.
10:44 of 3rd period - Shot Blocked by Kurt Sauer.
10:54 of 3rd period - Snap shot by Paul Kariya.
10:54 of 3rd period - Shot Misses the Net.
10:56 of 3rd period - Snap shot by Drew Fata.
10:56 of 3rd period - Stopped by Ryan Miller with a rebound.
11:22 of 3rd period - Brian Pothier is hit by Jamie Langenbrunner.
12:10 of 3rd period - Brenden Morrow is hit by Paul Kariya and loses puck.
12:40 of 3rd period - Penalty to Tom Poti is over, Tom Poti is back on ice.
12:47 of 3rd period - Mike Komisarek is hit by Tom Poti and loses puck.
12:54 of 3rd period - Minor Penalty to Blake Wheeler for Holding Stick.
12:55 of 3rd period - Paul Kariya wins face-off versus Brenden Morrow in Blues zone.
13:29 of 3rd period - Snap shot by Bill Guerin.
13:29 of 3rd period - Goal by Bill Guerin - Blues : 2 - Coyotes : 3.
13:30 of 3rd period - Tim Connolly wins face-off versus Travis Zajac in neutral zone.
13:37 of 3rd period - Travis Zajac is hit by Tom Poti.
13:41 of 3rd period - Snap shot by Marian Gaborik.
13:41 of 3rd period - Deflect By Brenden Morrow.
13:41 of 3rd period - Shot Blocked by François Beauchemin.
13:41 of 3rd period - Puck is out of play.
13:42 of 3rd period - Tim Connolly wins face-off versus Travis Zajac in Blues zone.
13:45 of 3rd period - Backhand shot by Marian Gaborik.
13:45 of 3rd period - Shot Blocked by François Beauchemin.
13:47 of 3rd period - Slapshot by Denis Grebeshkov.
13:47 of 3rd period - Stopped by Tim Thomas without a rebound.
13:48 of 3rd period - Tim Connolly wins face-off versus Travis Zajac in Blues zone.
14:15 of 3rd period - Snap shot by Frans Nielsen.
14:15 of 3rd period - Stopped by Tim Thomas with a rebound.
14:19 of 3rd period - Slapshot by Frans Nielsen.
14:19 of 3rd period - Shot Misses the Net.
14:21 of 3rd period - Wrist shot by Sergei Samsonov.
14:21 of 3rd period - Shot Blocked by Dan Boyle.
14:23 of 3rd period - Snap shot by Bill Guerin.
14:23 of 3rd period - Stopped by Tim Thomas without a rebound.
14:24 of 3rd period - Travis Zajac wins face-off versus Tim Connolly in Blues zone.
14:39 of 3rd period - Wrist shot by Marian Gaborik.
14:39 of 3rd period - Stopped by Tim Thomas without a rebound.
14:40 of 3rd period - Frans Nielsen wins face-off versus Nik Antropov in Blues zone.
14:41 of 3rd period - Snap shot by Sergei Samsonov.
14:41 of 3rd period - Stopped by Tim Thomas without a rebound.
14:42 of 3rd period - Frans Nielsen wins face-off versus Nik Antropov in Blues zone.
14:47 of 3rd period - Wrist shot by Bill Guerin.
14:47 of 3rd period - Stopped by Tim Thomas without a rebound.
14:48 of 3rd period - Ryan Malone wins face-off versus Frans Nielsen in Blues zone.
14:56 of 3rd period - Minor Penalty to Ryan Malone for Holding.
14:57 of 3rd period - Paul Kariya wins face-off versus Tim Connolly in Blues zone.
15:06 of 3rd period - Slapshot by Tom Poti.
15:06 of 3rd period - Stopped by Tim Thomas with a rebound.
15:31 of 3rd period - Snap shot by Tim Connolly.
15:31 of 3rd period - Goal by Tim Connolly - Blues : 2 - Coyotes : 4.
15:32 of 3rd period - Maxim Lapierre wins face-off versus Paul Kariya in neutral zone.
15:43 of 3rd period - Wrist shot by Tom Poti.
15:43 of 3rd period - Deflect By Travis Zajac.
15:43 of 3rd period - Stopped by Tim Thomas without a rebound.
15:44 of 3rd period - Maxim Lapierre wins face-off versus Matthew Lombardi in Blues zone.
15:55 of 3rd period - Snap shot by David Perron.
15:55 of 3rd period - Goal by David Perron - Blues : 3 - Coyotes : 4.
15:56 of 3rd period - Maxim Lapierre wins face-off versus Matthew Lombardi in neutral zone.
15:59 of 3rd period - Matthew Lombardi is hit by Drew Miller and loses puck.
16:08 of 3rd period - Snap shot by Drew Miller.
16:08 of 3rd period - Shot Blocked by David Perron.
16:10 of 3rd period - Wrist shot by Chad Larose.
16:10 of 3rd period - Deflect By Drew Miller.
16:10 of 3rd period - Stopped by Tim Thomas without a rebound.
16:11 of 3rd period - Tim Connolly wins face-off versus Jamie Langenbrunner in Blues zone.
16:24 of 3rd period - Snap shot by Paul Kariya.
16:24 of 3rd period - Shot Misses the Net.
16:43 of 3rd period - Snap shot by Chad Larose.
16:43 of 3rd period - Stopped by Tim Thomas without a rebound.
16:44 of 3rd period - Maxim Lapierre wins face-off versus Blake Wheeler in Blues zone.
16:47 of 3rd period - Snap shot by Chad Larose.
16:47 of 3rd period - Stopped by Tim Thomas with a rebound.
16:49 of 3rd period - Slapshot by Brian Pothier.
16:49 of 3rd period - Shot Misses the Net.
17:20 of 3rd period - Slapshot by Paul Kariya.
17:20 of 3rd period - Shot Misses the Net.
18:20 of 3rd period - Wrist shot by Dan Boyle.
18:20 of 3rd period - Shot Misses the Net.
18:22 of 3rd period - Slapshot by Mike Komisarek.
18:22 of 3rd period - Stopped by Ryan Miller without a rebound.
18:23 of 3rd period - Blake Wheeler wins face-off versus Brenden Morrow in Coyotes zone.
18:24 of 3rd period - Slapshot by Matthew Lombardi.
18:24 of 3rd period - Goal by Matthew Lombardi - Blues : 4 - Coyotes : 4.
18:25 of 3rd period - Matthew Lombardi wins face-off versus Maxim Lapierre in neutral zone.
18:50 of 3rd period - Maxim Lapierre is hit by Ville Peltonen and loses puck.
19:24 of 3rd period - Slapshot by Dan Boyle.
19:24 of 3rd period - Stopped by Ryan Miller with a rebound.
19:36 of 3rd period - Drew Fata is hit by Bill Guerin and loses puck.

Overtime #1


0:01 of 1st overtime period - Tim Connolly wins face-off versus Paul Kariya in neutral zone.
1:13 of 1st overtime period - Jamie Langenbrunner is hit by Tom Poti and loses puck.
1:43 of 1st overtime period - Drew Miller is hit by Blake Wheeler and loses puck.
1:54 of 1st overtime period - Mike Komisarek is hit by Brian Pothier and loses puck.
2:21 of 1st overtime period - Denis Grebeshkov is hit by Vaclav Varada and loses puck.
2:30 of 1st overtime period - Snap shot by Vaclav Varada.
2:30 of 1st overtime period - Stopped by Ryan Miller without a rebound.
2:31 of 1st overtime period - Maxim Afinogenov wins face-off versus Marian Gaborik in Coyotes zone.
2:32 of 1st overtime period - Slapshot by Paul Kariya.
2:32 of 1st overtime period - Stopped by Ryan Miller without a rebound.
2:33 of 1st overtime period - Tim Connolly wins face-off versus Paul Kariya in Coyotes zone.
2:38 of 1st overtime period - Slapshot by Kurt Sauer.
2:38 of 1st overtime period - Shot Blocked by Drew Fata.
2:56 of 1st overtime period - Maxim Afinogenov is hit by Kurt Sauer and loses puck.
3:13 of 1st overtime period - Snap shot by Jamie Langenbrunner.
3:13 of 1st overtime period - Stopped by Ryan Miller with a rebound.
3:15 of 1st overtime period - Snap shot by Jamie Langenbrunner.
3:15 of 1st overtime period - Shot Blocked by Kurt Sauer.
3:17 of 1st overtime period - Slapshot by Drew Fata.
3:17 of 1st overtime period - Stopped by Ryan Miller with a rebound.
3:41 of 1st overtime period - Denis Grebeshkov is hit by Mike Komisarek and loses puck.
3:46 of 1st overtime period - Slapshot by Dan Boyle.
3:46 of 1st overtime period - Shot Blocked by Drew Miller.
3:48 of 1st overtime period - Slapshot by François Beauchemin.
3:48 of 1st overtime period - Stopped by Ryan Miller with a rebound.
3:58 of 1st overtime period - Maxim Afinogenov is hit by Denis Grebeshkov and loses puck.
4:21 of 1st overtime period - Frans Nielsen is hit by Nik Antropov and loses puck.
4:44 of 1st overtime period - Marian Gaborik is hit by Éric Belanger and loses puck.
4:55 of 1st overtime period - Oleg Tverdovsky is hit by Tom Poti and loses puck.

ShootOut


5:00 of 1st overtime period - Penalty Shot by Paul Kariya for Blues.
5:00 of 1st overtime period - Deke by Paul Kariya.
5:00 of 1st overtime period - Stopped by Ryan Miller.
5:00 of 1st overtime period - Penalty Shot by Marian Gaborik for Coyotes.
5:00 of 1st overtime period - Wrist shot by Marian Gaborik.
5:00 of 1st overtime period - Stopped by Tim Thomas.
5:00 of 1st overtime period - Penalty Shot by Maxim Afinogenov for Blues.
5:00 of 1st overtime period - Backhand shot by Maxim Afinogenov.
5:00 of 1st overtime period - Goal by Maxim Afinogenov.
5:00 of 1st overtime period - Penalty Shot by Sergei Samsonov for Coyotes.
5:00 of 1st overtime period - Backhand shot by Sergei Samsonov.
5:00 of 1st overtime period - Goal by Sergei Samsonov.
5:00 of 1st overtime period - Penalty Shot by Nik Antropov for Blues.
5:00 of 1st overtime period - Snap shot by Nik Antropov.
5:00 of 1st overtime period - Goal by Nik Antropov.
5:00 of 1st overtime period - Penalty Shot by Bill Guerin for Coyotes.
5:00 of 1st overtime period - Snap shot by Bill Guerin.
5:00 of 1st overtime period - Goal by Bill Guerin.
5:00 of 1st overtime period - Penalty Shot by Jamie Langenbrunner for Blues.
5:00 of 1st overtime period - Wrist shot by Jamie Langenbrunner.
5:00 of 1st overtime period - Stopped by Ryan Miller.
5:00 of 1st overtime period - Penalty Shot by Brenden Morrow for Coyotes.
5:00 of 1st overtime period - Snap shot by Brenden Morrow.
5:00 of 1st overtime period - Stopped by Tim Thomas.
5:00 of 1st overtime period - Penalty Shot by Travis Zajac for Blues.
5:00 of 1st overtime period - Wrist shot by Travis Zajac.
5:00 of 1st overtime period - Stopped by Ryan Miller.
5:00 of 1st overtime period - Penalty Shot by Frans Nielsen for Coyotes.
5:00 of 1st overtime period - Wrist shot by Frans Nielsen.
5:00 of 1st overtime period - Stopped by Tim Thomas.
5:00 of 1st overtime period - Penalty Shot by David Perron for Blues.
5:00 of 1st overtime period - Snap shot by David Perron.
5:00 of 1st overtime period - Shot Misses the Net.
5:00 of 1st overtime period - Penalty Shot by Riley Cote for Coyotes.
5:00 of 1st overtime period - Deke by Riley Cote.
5:00 of 1st overtime period - Shot Hit the Post.
5:00 of 1st overtime period - Penalty Shot by Ryan Malone for Blues.
5:00 of 1st overtime period - Deke by Ryan Malone.
5:00 of 1st overtime period - Stopped by Ryan Miller.
5:00 of 1st overtime period - Penalty Shot by Tim Connolly for Coyotes.
5:00 of 1st overtime period - Backhand shot by Tim Connolly.
5:00 of 1st overtime period - Goal by Tim Connolly.


Output by the SimonT Hockey Simulator (STHS) for François Prévost -- Original Page W3C XHTML 1.0 Valid
Hockey Simulator - Hockey Simulation - Hockey Manager